 Dungeon Crawl Stone Soup version 0.32-a0-422-g28b100f618 (webtiles) character file.

Game seed: 2380259105847536273

439 zeratav the Cleaver (level 6, -2/51 HPs)
             Began as a Minotaur Fighter on Feb 21, 2024.
             Frozen to death by an endoplasm (4 damage)
             ... on level 4 of the Dungeon.
             The game lasted 00:03:56 (2981 turns).

zeratav the Cleaver (Minotaur Fighter)              Turns: 2981, Time: 00:03:57

Health: -2/51      AC:  8    Str: 22    XL:     6   Next: 70%
Magic:  5/5        EV: 14    Int:  5    God:
Gold:   158        SH:  4    Dex: 10    Spells: 5/5 levels left

rFire   . . .        a - +0 war axe {axe}
rCold   . . .        c - +0 buckler
rNeg    . . .        b - +0 scale mail
rPois   .            (helmet restricted)
rElec   .            u - scarf {+Inv}
rCorr   .            (no gloves)
SInv    .            f - +0 pair of boots
Will    .....        (no amulet) Stlth
                     l - ring of wizardry
HPRegen 0.28/turn    q - +5 ring of evasion
MPRegen 0.09/turn

%: wizardry (x1)
@: no status effects
A: horns 2, retaliatory headbutt
a: Evoke Invisibility


You were on level 4 of the Dungeon.
You visited 1 branch of the dungeon, and saw 4 of its levels.

You collected 158 gold pieces.


Innate Abilities, Weirdness & Mutations

You have a pair of horns on your head.
You reflexively headbutt those who attack you in melee.


   Skills:
 - Level 3.6 Fighting
 + Level 8.8 Axes
 - Level 3.6 Armour
 - Level 3.6 Shields


You had 5 spell levels left.
You didn't know any spells.
Your spell library contained the following spells:

 Spells                   Type           Power      Damage    Failure   Level
 Ensorcelled Hibernation  Hex/Ice        0%         N/A       67%         2
 Passwall                 Erth           0%         N/A       87%         3
 Stone Arrow              Conj/Erth      0%         3d7       87%         3
 Swiftness                Air            0%         N/A       87%         3
 Animate Armour           Summ/Erth      0%         N/A       99%         4
 Lehudib's Crystal Spear  Conj/Erth      0%         10d2      100%        8

Inventory:

Hand Weapons
 a - a +0 war axe (weapon) {axe}
 w - a +2 whip of venom {mace}
   (You took it off a gnoll on level 4 of the Dungeon)
Missiles
 e - 6 poisoned darts (quivered) {throwing}
Armour
 b - a +0 scale mail (worn)
 c - a +0 buckler (worn)
 f - a +0 pair of boots (worn)
   (You found it on level 1 of the Dungeon)
 u - a scarf of invisibility (worn)
   (You found it on level 3 of the Dungeon)
Jewellery
 l - a ring of wizardry (left hand)
   (You found it on level 2 of the Dungeon)
 q - a +5 ring of evasion (right hand)
   (You found it on level 3 of the Dungeon)
Wands
 i - a wand of flame (11)
   (You found it on level 2 of the Dungeon)
 x - a wand of quicksilver (9)
   (You took it off a kobold on level 4 of the Dungeon)
Scrolls
 m - a scroll of enchant weapon
 p - a scroll of enchant armour
 r - a scroll of fog
 t - a scroll of poison {!r}
 v - 2 scrolls of teleportation {unknown}
Potions
 d - a potion of might
 g - a potion of lignification {unknown}
 h - a potion of attraction {unknown}
 j - a potion of ambrosia {unknown}
 k - a potion of invisibility {unknown}
 n - a potion of haste {unknown}
 o - 3 potions of enlightenment {unknown}
 s - 2 potions of curing {unknown}

Dungeon Overview and Level Annotations

Branches:
Dungeon (4/15) Zot: 20973
 Temple: D:4-7

Altars:
Nemelex Xobeh

Annotations:
D:4 Grinder

..#.......
#.....#
..'[......
#.....#
..#...####
#.....######
..###+##
###........#
.......#
#........#
.......#
#........#
.......#
#........#
.......#
#........#
.......#
###@######
.......#
#.JS...#
.......#
........#
...."..#
..........#
.......#
.........ยง..#
.......#
....##..5...#
##.....# ....
#......#
.'.....# ...
(......#
.#.....#


You could see Grinder, an adder and an endoplasm.


Message History

You drop an amulet of magic regeneration.
You open the door.
There is an open door here.
You open the door.
There is an open door here.
A kobold comes into view.
It is wielding a +0 dagger and carrying a wand of quicksilver.
The kobold shouts!
The kobold completely misses you.
You barely miss the kobold. The kobold hits you but does no damage.
You completely miss the kobold.
The kobold zaps a wand.
The bolt of dispelling energy hits you!!
The kobold zaps a wand.
The bolt of dispelling energy misses you.
HP[-21]
You take 21 damage, and now have 30/51 hp.
MASSIVE DAMAGE!! (PAUSE)
You barely miss the kobold.
You headbutt the kobold, but do no damage.
The kobold zaps a wand.
The bolt of dispelling energy misses you.
You hit the kobold.
You kill the kobold!
HP[+1]
x - a wand of quicksilver (9)
Things that are here:
a +0 dagger {short}; a +0 robe; a kobold corpse
Found a stone staircase leading down.
You now have 158 gold pieces (gained 7).
HP[+20]
Your hp is fully restored (51).
You open the door.
There is an open door here.
There is an open door here.
You open the door.
Found a stone staircase leading up.
There is an open door here.
You open the door.
There is an open door here.
A hound comes into view.
The hound barks!
A hound is nearby!
You closely miss the hound. Your headbutt misses the hound.
You block the hound's attack. The hound bites you but does no damage.
You slash the hound! The hound barely misses you.
You barely miss the hound. You headbutt the hound.
You kill the hound!
No target in view!
No target in view!
No target in view!
No target in view!
No target in view!
No target in view!
No target in view!
No target in view!
No target in view!
No target in view!
No target in view!
As you open the door, it creaks loudly!
Menkaure, Prince of Dust comes into view.
Menkaure shouts!
You hear a shout!
You hear an angry hiss.
An endoplasm and an adder come into view.
The endoplasm quivers.
The adder hisses angrily.
Grinder comes into view.
Menkaure hits you but does no damage.
There is an open door here.
You hit Menkaure. Grinder gestures at you.
You suddenly lose the ability to move!
Menkaure calls on the powers of darkness!
The endoplasm convulses!
Your body is wracked with pain!
The adder convulses!
Menkaure hits you. The endoplasm hits you.
* * * LOW HITPOINT WARNING * * *
Menkaure hits you!!
* * * LOW HITPOINT WARNING * * *
Grinder says, "At least Makhleb appreciates what I'm doing."
The endoplasm freezes you.
You are frozen.
* * * LOW HITPOINT WARNING * * *
You can move again.
HP[-50]
You take 50 damage, and now have 1/51 hp.
MASSIVE DAMAGE!! (PAUSE)
You slash Menkaure! You hit the endoplasm. You block the endoplasm's attack.
Grinder blinks!
Menkaure calls on the powers of darkness!
The adder convulses!
You feel a surge of unholy energy. The endoplasm misses you.
HP[+1]
You slash Menkaure!
You destroy Menkaure!
You barely miss the endoplasm. The adder misses you. You furiously retaliate!
You headbutt the adder. The endoplasm freezes you.
You are frozen.
You die...

Skill      XL: |  1  2  3  4  5  6 |
---------------+-------------------+-----
Axes           | 3 4 5 6 7 8 |  8.8
Fighting       | |  3.6
Armour         | |  3.6
Shields        | |  3.6

Action                     |  1- 3 |  4- 6 || total
---------------------------+-------+-------++-------
  Melee: War axe           |    61 |   123 ||   184
         Headbutt          |    10 |    13 ||    23
    Use: Scroll            |       |     4 ||     4
 Armour: Scale mail        |    44 |    59 ||   103
  Dodge: Dodged            |    20 |    89 ||   109
  Block: Buckler           |    11 |    33 ||    44

Levels and vault maps discovered:
D:1:      minmay_arrival_shoal_huts, layout_loops_corners,
          chequers_ecumenical_altar_simple_redux
D:2:      layout_basic, hangedman_decor_clover_reticule, serial_bayou_pond_e
D:3:      layout_basic, nemelex_dance_club_becter, minmay_quadrilaterals
D:4:      layout_gridville, eino_small_chamber_without_monster, uniq_grinder,
          uniq_menkaure

Notes
Turn   | Place    | Note
-------+----------+-------------------------------------------
     0 | D:1      | zeratav the Minotaur Fighter began the quest for the Orb.
     0 | D:1      | Reached XP level 1. HP: 19/19 MP: 0/0
     0 | D:1      | magus.rc [v1.9.6]
    17 | D:1      | Reached skill level 3 in Axes
    52 | D:1      | Reached XP level 2. HP: 24/26 MP: 1/1
   254 | D:1      | You pick up a book of Armaments and begin reading...
   254 | D:1      | You add the spells Stone Arrow, Animate Armour and
                  | Lehudib's Crystal Spear to your library.
   342 | D:1      | Reached skill level 4 in Axes
   420 | D:1      | Reached XP level 3. HP: 31/31 MP: 2/2
   600 | D:1      | Found a faded altar of an unknown god.
   955 | D:2      | Reached skill level 5 in Axes
  1020 | D:2      | Reached XP level 4. HP: 39/39 MP: 3/3
  1344 | D:2      | You pick up a book of Burglary and begin reading...
  1344 | D:2      | You add the spells Ensorcelled Hibernation, Swiftness and
                  | Passwall to your library.
  1786 | D:3      | Reached skill level 6 in Axes
  1786 | D:3      | Reached XP level 5. HP: 27/45 MP: 4/4
  1801 | D:3      | HP: 6/45 [orc wizard/puff of flame (9)]
  2059 | D:3      | Reached skill level 7 in Axes
  2364 | D:3      | Reached XP level 6. HP: 51/51 MP: 5/5
  2398 | D:3      | Found a sparkling altar of Nemelex Xobeh.
  2638 | D:4      | Reached skill level 8 in Axes
  2974 | D:4      | Noticed Menkaure
  2975 | D:4      | Noticed Grinder
  2976 | D:4      | Paralysed by Grinder for 4 turns
  2978 | D:4      | HP: 6/51 [Menkaure (19)]
  2979 | D:4      | HP: 1/51 [frozen (5)]
  2981 | D:4      | Killed Menkaure
  2981 | D:4      | Frozen to death by an endoplasm

Vanquished Creatures
  Menkaure (D:4)
  An ogre (D:4)
  A hound (D:4)
  An orc priest (D:3)
  An orc wizard (D:3)
  5 adders
  7 gnolls
  A dart slug (D:1)
  2 ribbon worms (D:3)
  5 orcs (D:3)
  6 endoplasms
  4 giant cockroaches
  4 goblins
  7 hobgoblins
  7 jackals
  5 kobolds
  8 quokkas
  4 ball pythons
  10 bats
  3 frilled lizards
  8 rats
91 creatures vanquished.

Table legend:
 A = Non-vault XP
 B = Vault XP
 C = Vault XP percentage of total XP
 D = Non-vault monster count
 E = Vault monster count
 F = Vault count percentage of total count
                 A         B        C        D         E       F
            +---------+---------+-------+---------+---------+-------
      Total |     608 |     193 |  24.1 |      84 |       7 |   7.7
            +---------+---------+-------+---------+---------+-------
        D:1 |      52 |       0 |   0.0 |      20 |       0 |   0.0
        D:2 |      92 |       0 |   0.0 |      26 |       0 |   0.0
        D:3 |     226 |      20 |   8.1 |      27 |       6 |  18.2
        D:4 |     238 |     173 |  42.1 |      11 |       1 |   8.3
            +---------+---------+-------+---------+---------+-------

Skill      XL: |  1  2  3  4  5  6 |
---------------+-------------------+-----
Axes           | 3 4 5 6 7 8 |  8.8
Fighting       | |  3.6
Armour         | |  3.6
Shields        | |  3.6

Action                     |  1- 3 |  4- 6 || total
---------------------------+-------+-------++-------
  Melee: War axe           |    61 |   123 ||   184
         Headbutt          |    10 |    13 ||    23
    Use: Scroll            |       |     4 ||     4
 Armour: Scale mail        |    44 |    59 ||   103
  Dodge: Dodged            |    20 |    89 ||   109
  Block: Buckler           |    11 |    33 ||    44

Illustrated notes

Table legend:
 A = Kills in this place as a percentage of kills in the entire game.
 B = Kills by you in this place as a percentage of kills by you in the entire game.
 C = Kills by friends in this place as a percentage of kills by friends in the entire game.
 D = Other kills in this place as a percentage of other kills in the entire game.
 E = Experience gained in this place as a percentage of experience gained in the entire game.
 F = Experience gained in this place divided by the number of levels of this place that you have seen.
                   A       B       C       D       E      F
               +-------+-------+-------+-------+-------+----------------------
         Total | 100.0 | 100.0 |   N/A |   N/A | 100.0 | 200.2
       Dungeon | 100.0 | 100.0 |   N/A |   N/A | 100.0 | 200.2
               +-------+-------+-------+-------+-------+----------------------

Table legend: (Time is in decaauts)
 A = Elapsed time spent in this place.
 B = Non-inter-level travel time spent in this place.
 C = Inter-level travel time spent in this place.
 D = Time resting spent in this place.
 E = Time spent auto-exploring this place.
 F = Levels seen in this place.
 G = Mean time per level.
                   A        B        C        D        E       F      G
               +--------+--------+--------+--------+--------+-----+--------+
         Total |   3025 |   2928 |     97 |    135 |   2292 |   4 |  756.2 |
       Dungeon |   3025 |   2928 |     97 |    135 |   2292 |   4 |  756.2 |
               +--------+--------+--------+--------+--------+-----+--------+

Top non-repeatable levels by time:
     D:2: 925 daAuts
     D:1: 853 daAuts
     D:3: 822 daAuts
     D:4: 423 daAuts
